 Dungeon Sprint DCSS version 0.30.1-11-g7821555f0a (webtiles) character file.

Game seed: 2607854111005532606

10751 Groucho the Earth Mage (level 11, 0/61 HPs)
             Began as a Deep Elf Earth Elementalist on Jan 5, 2024.
             Was a High Priest of Sif Muna.
             Slain by a flayed ghost (16 damage)
             ... in the Dungeon (Sprint VII: "The Pits").
             The game lasted 00:19:07 (7351 turns).

Groucho the Earth Mage (DEEE)                       Turns: 7351, Time: 00:19:08

Health: 0/61       AC:  8    Str:  8    XL:     11   Next: 40%
Magic:  8/30       EV: 14    Int: 25    God:    Sif Muna [*****.]
Gold:   0          SH:  0    Dex: 15    Spells: 7/36 levels left

rFire   . . .        h - +2 dagger
rCold   . . .        (no shield)
rNeg    . . .        w - +1 robe {Will+}
rPois   .            t - +0 helmet
rElec   .            s - +0 cloak
rCorr   .            (no gloves)
SInv    .            (no boots)
Will    ++...        (no amulet)
Stlth   +++          g - +3 ring of protection
HPRegen 0.30/turn    n - +3 ring of strength
MPRegen 0.22/turn

%: no teleportation
@: flayed
A: no striking features
a: Renounce Religion, Channel Magic, Forget Spell, Divine Exegesis


You were in the Dungeon.
You worshipped Sif Muna.
Sif Muna was extremely pleased with you.
You visited 1 branch

Inventory:

Hand Weapons
 h - a +2 dagger (weapon)
 q - a +2 rapier of venom
Armour
 a - a +0 kite shield
 s - a +0 cloak (worn)
 t - a +0 helmet (worn)
 v - +0 swamp dragon scales
 w - a +1 robe of willpower (worn)
Jewellery
 g - a +3 ring of protection (left hand)
 n - a +3 ring of strength (right hand)
Wands
 u - a wand of flame (15)
Scrolls
 j - 5 scrolls of amnesia
 l - 2 scrolls of vulnerability
Potions
 b - 5 potions of magic
 c - 8 potions of curing
 e - a potion of haste
 f - 3 potions of berserk rage
 i - 2 potions of invisibility
 m - 2 potions of lignification {unknown}
 o - 2 potions of might
 p - a potion of resistance
 r - a potion of mutation


   Skills:
 + Level 4.1 Fighting
 - Level 5.0 Short Blades
 + Level 5.0 Armour
 - Level 5.0 Dodging
 - Level 7.0 Stealth
 + Level 2.5 Shields
 + Level 13.0 Spellcasting
 * Level 14.9 Conjurations
 + Level 10.6 Transmutations
 + Level 8.2 Fire Magic
 * Level 15.2 Earth Magic
 - Level 10.0 Invocations


You had 7 spell levels left.
You knew the following spells:

 Your Spells              Type           Power      Damage    Failure   Level
a - Sandblast             Erth           100%       2d20      0%          1
b - Stone Arrow           Conj/Erth      100%       3d13      1%          3
c - Petrify               Tmut/Erth      69%        N/A       1%          4
d - Starburst             Conj/Fire      32%        6d10      4%          6
e - Irradiate             Conj/Tmut      34%        3d23      1%          5
f - Fireball              Conj/Fire      32%        3d14      1%          5
g - Lee's Rapid Deconstr  Erth           37%        3d19*     1%          5

Your spell library contained the following spells:

 Spells                   Type           Power      Damage    Failure   Level
 Magic Dart               Conj           100%       1d8       0%          1
 Foxfire                  Conj/Fire      100%       2x1d9     1%          1
 Momentum Strike          Conj/Tloc      100%       3d10      1%          2
 Passwall                 Tmut/Erth      57%        N/A       1%          2
 Scorch                   Fire           100%       2d9       1%          2
 Hailstorm                Conj/Ice       52%        3d12      1%          3
 Ignite Poison            Fire/Tmut/Pois 47%        N/A       1%          3
 Spider Form              Tmut/Pois      42%        N/A       1%          3
 Volatile Blastmotes      Fire/Tloc      72%        2d16      1%          3
 Flame Wave               Conj/Fire      65%        2d15      1%          4
 Fulminant Prism          Conj/Hex       26%        3d14      1%          4
 Iskenderun's Mystic Bla  Conj/Tloc      52%        2d11      1%          4
 Leda's Liquefaction      Hex/Erth       26%        N/A       1%          4
 Iskenderun's Battlesphe  Conj           74%        2d12      1%          5
 Iron Shot                Conj/Erth      37%        9d7       1%          6
 Statue Form              Tmut/Erth      46%        N/A       2%          6
 Ice Form                 Ice/Tmut       42%        N/A       4%          4
 Cigotuvi's Dreadful Rot  Necr/Pois/Air  32%        N/A       5%          2
 Anguish                  Hex/Necr       8%         N/A       34%         4
 Olgreb's Toxic Radiance  Pois           16%        N/A       34%         4
 Passage of Golubria      Tloc           16%        N/A       34%         4
 Dragon Form              Tmut           31%        N/A       36%         7
 Metabolic Englaciation   Hex/Ice        8%         N/A       69%         5
 Summon Mana Viper        Hex/Summ       16%        N/A       69%         5
 Spellforged Servitor     Conj/Summ      26%        N/A       80%         7
 Lehudib's Crystal Spear  Conj/Erth      37%        10d9      43%         8
 Chain Lightning          Conj/Air       26%        3d34      100%        9
 Shatter                  Erth           37%        3d30*     100%        9


Dungeon Overview and Level Annotations

Branches:
Dungeon (1/1)

Altars:
Ashenzari
Cheibriados
Dithmenos
Elyvilon
Fedhas
Gozag
Hepliaklqana
Kikubaaqudgha
Makhleb
Nemelex Xobeh
Okawaru
Qazlal
Ru
Sif Muna
Trog
Uskayaw
Vehumet
Wu Jian
Xom
Yredelemnul
Zin
The Shining One
Jiyva
Lugonu


Message History

The flayed ghost stares at you with tortured malice.
Terrible wounds spread across more of your body!
* * * LOW HITPOINT WARNING * * *
Your Fighting skill increases to level 4!
Your Armour skill increases to level 5!
Your Spellcasting skill increases to level 13!
Unknown command.
You feel much better. The flayed ghost hits you!
Casting: Stone Arrow (safe; 1% risk of failure)
Confirm with . or Enter, or press ? or * to list all spells.
Aiming: Stone Arrow (safe; 1% risk of failure)
Press: ? - help, Shift-Dir - straight line, f - flayed ghost
Aim: a flayed ghost (66% to hit)
The stone arrow misses the flayed ghost.
The flayed ghost misses you.
Unknown command.
Unknown command.
Casting: Stone Arrow (safe; 1% risk of failure)
Confirm with . or Enter, or press ? or * to list all spells.
Aiming: Stone Arrow (safe; 1% risk of failure)
Press: ? - help, Shift-Dir - straight line, f/p - flayed ghost
Aim: a flayed ghost (66% to hit)
The stone arrow hits the flayed ghost!!
The flayed ghost is moderately damaged.
The flayed ghost hits you!!
* * * LOW HITPOINT WARNING * * *
Unknown command.
You feel better.
You feel less invigorated. The flayed ghost barely misses you.
Unknown command.
Unknown command.
Casting: Stone Arrow (safe; 1% risk of failure)
Confirm with . or Enter, or press ? or * to list all spells.
Aiming: Stone Arrow (safe; 1% risk of failure)
Press: ? - help, Shift-Dir - straight line, f/p - flayed ghost
Aim: a flayed ghost (moderately damaged, 66% to hit)
The stone arrow hits the flayed ghost!!
The flayed ghost is severely damaged.
The flayed ghost hits you!
You die...

###'#####)'######
.......##''###########
.......##..........#. .h#
.......##).........' ..#
...<...##..#####...#####'##......
.......##..'...#.................
.......##..#...#........##'##...
.......##.)#...#†#####..#...#..##
#########..#####@W...#..#...#..#.
#########........#...'..##'##..'.
..#..[[##........#...#.†.......##
..#....###'###...#...#...........
..'..))##....'...#'###...####'##.
..#..))##....#..(........#.....#
..#...)##....#...........'.....#
################################


You could see a flayed ghost.

Vanquished Creatures
  2 hydras (D)
  An anaconda (D)
  A sixfirhy (D)
  A sea snake (D)
  A swamp dragon (D)
  A flayed ghost (D)
  Pikel (D)
  A lindwurm (D)
  An elephant (D)
  A cyclops (D)
  A merfolk siren (D)
  3 komodo dragons (D)
  A rime drake (D)
  A kobold demonologist (D)
  2 hellwings (D)
  A hornet (D)
  A red devil (D)
  A tyrant leech (D)
  4 dream sheep (D)
  A ynoxinul (D)
  Sigmund (D)
  A shadow (D)
  A fire bat (D)
  An acid dragon (D)
  2 floating eyes (D)
  A swamp drake (D)
  3 sky beasts (D)
  A wolf (D)
  2 phantoms (D)
  A bullfrog (D)
  A gnoll sergeant (D)
  A crimson imp (D)
  An orc priest (D)
  Crazy Yiuf (D)
  A gnoll bouda (D)
  An iguana (D)
  Ijyb (D)
  2 orc wizards (D)
  8 gnolls (D)
  An adder skeleton (D)
  An adder zombie (D)
  4 orcs (D)
  2 endoplasms (D)
  3 hobgoblins (D)
  A frilled lizard (D)
  5 kobolds (D)
  A quokka zombie (D)
  A rat (D)
77 creatures vanquished.

Notes
Turn   | Place    | Note
-------+----------+-------------------------------------------
     0 | D        | Groucho the Deep Elf Earth Elementalist began the quest for
                  | the Orb.
     0 | D        | Reached XP level 1. HP: 10/10 MP: 6/6
    13 | D        | Reached skill level 1 in Conjurations
    39 | D        | Found a glowing golden altar of the Shining One.
    39 | D        | Found a glowing silver altar of Zin.
    39 | D        | Found a basalt altar of Yredelemnul.
    39 | D        | Found a shimmering altar of Xom.
    39 | D        | Found an ornate altar of the Wu Jian Council.
    39 | D        | Found a bloodstained altar of Trog.
    39 | D        | Found a shimmering blue altar of Sif Muna.
    39 | D        | Found a sacrificial altar of Ru.
    39 | D        | Found a stormy altar of Qazlal.
    39 | D        | Found an iron altar of Okawaru.
    39 | D        | Found a sparkling altar of Nemelex Xobeh.
    39 | D        | Found a burning altar of Makhleb.
    39 | D        | Found a viscous altar of Jiyva.
    39 | D        | Found a hazy altar of Hepliaklqana.
    39 | D        | Found an opulent altar of Gozag.
    39 | D        | Found a blossoming altar of Fedhas.
    39 | D        | Found a white marble altar of Elyvilon.
    39 | D        | Found a shadowy altar of Dithmenos.
    39 | D        | Found a snail-covered altar of Cheibriados.
    40 | D        | Found a radiant altar of Vehumet.
    40 | D        | Found a corrupted altar of Lugonu.
    41 | D        | Found an ancient bone altar of Kikubaaqudgha.
    41 | D        | Found a hide-covered altar of Uskayaw.
    41 | D        | Found a broken altar of Ashenzari.
    42 | D        | Became a worshipper of Sif Muna the Loreminder
    50 | D        | Noticed a floating eye
    51 | D        | Paralysed by a floating eye for 2 turns
    54 | D        | Killed a floating eye
    55 | D        | Reached skill level 1 in Fighting
    55 | D        | Reached skill level 1 in Armour
    55 | D        | Reached skill level 5 in Earth Magic
    55 | D        | Reached XP level 2. HP: 16/16 MP: 3/9
    55 | D        | Reached XP level 3. HP: 20/20 MP: 3/11
    55 | D        | Reached XP level 4. HP: 25/25 MP: 3/12
   426 | D        | Learned a level 3 spell: Stone Arrow
   431 | D        | Learned a level 4 spell: Petrify
   435 | D        | Noticed a floating eye
   436 | D        | Killed a floating eye
   436 | D        | Reached * piety under Sif Muna
   437 | D        | Reached skill level 5 in Spellcasting
   437 | D        | Reached skill level 5 in Conjurations
   437 | D        | Reached skill level 6 in Earth Magic
   437 | D        | Reached XP level 5. HP: 30/30 MP: 12/14
   598 | D        | Noticed a sky beast
   599 | D        | Reached ** piety under Sif Muna
   906 | D        | Killed a sky beast
   907 | D        | Reached skill level 5 in Stealth
   907 | D        | Reached XP level 6. HP: 36/36 MP: 8/16
  1163 | D        | Reached *** piety under Sif Muna
  1167 | D        | Reached skill level 5 in Dodging
  1171 | D        | Reached skill level 7 in Earth Magic
  1318 | D        | Noticed a sky beast
  1322 | D        | Killed a sky beast
  1322 | D        | Reached **** piety under Sif Muna
  1419 | D        | Noticed Ijyb
  1423 | D        | Killed Ijyb
  1424 | D        | Reached XP level 7. HP: 40/41 MP: 11/18
  1558 | D        | Noticed Sigmund
  1561 | D        | Killed Sigmund
  1562 | D        | Reached skill level 5 in Short Blades
  1562 | D        | Reached skill level 5 in Transmutations
  1562 | D        | Reached skill level 8 in Earth Magic
  1562 | D        | Reached skill level 5 in Invocations
  1787 | D        | Noticed a komodo dragon
  1801 | D        | Killed a komodo dragon
  1802 | D        | Reached skill level 9 in Earth Magic
  2160 | D        | Noticed Crazy Yiuf
  2162 | D        | Killed Crazy Yiuf
  2164 | D        | Reached ***** piety under Sif Muna
  2164 | D        | Received a gift from Sif Muna
  2165 | D        | Reached XP level 8. HP: 46/46 MP: 12/22
  2168 | D        | Got Sif Muna's Papyrus of Nauseating Calefaction {god gift}
  2627 | D        | Noticed a tyrant leech
  2658 | D        | Killed a tyrant leech
  2659 | D        | Reached skill level 10 in Earth Magic
  3023 | D        | Noticed a merfolk siren
  3051 | D        | Killed a merfolk siren
  3052 | D        | Reached skill level 10 in Conjurations
  3746 | D        | Noticed a four-headed hydra
  3766 | D        | Killed a four-headed hydra
  3766 | D        | Received a gift from Sif Muna
  3767 | D        | Reached skill level 10 in Spellcasting
  3767 | D        | Reached skill level 11 in Earth Magic
  3767 | D        | Reached XP level 9. HP: 22/50 MP: 15/25
  3770 | D        | Got Sif Muna's Precepts of Star-crossed Translocation {god
                  | gift}
  4053 | D        | Noticed a cyclops
  4055 | D        | Noticed an elephant
  4090 | D        | Killed an elephant
  4090 | D        | Noticed a five-headed hydra
  4091 | D        | Reached skill level 12 in Earth Magic
  4091 | D        | Killed a cyclops
  4100 | D        | Killed a five-headed hydra
  4101 | D        | Reached skill level 5 in Fire Magic
  4101 | D        | Reached XP level 10. HP: 28/56 MP: 12/27
  4152 | D        | Noticed Pikel
  4168 | D        | Killed Pikel
  4169 | D        | Reached skill level 13 in Earth Magic
  4421 | D        | Learned a level 6 spell: Starburst
  4426 | D        | Noticed a swamp dragon
  4436 | D        | Killed a swamp dragon
  4711 | D        | Received a gift from Sif Muna
  4712 | D        | Got Esiesan's Discourse on the Rocks {god gift}
  4953 | D        | Noticed a sixfirhy
  4967 | D        | Killed a sixfirhy
  5264 | D        | Reached skill level 14 in Earth Magic
  5521 | D        | Received a gift from Sif Muna
  5528 | D        | Got Sif Muna's Catalogue of Damaging Vicissitude {god gift}
  5535 | D        | Learned a level 5 spell: Irradiate
  5541 | D        | Learned a level 5 spell: Fireball
  5751 | D        | Noticed a flayed ghost
  5767 | D        | Killed a flayed ghost
  5771 | D        | Reached skill level 10 in Transmutations
  6629 | D        | Reached XP level 11. HP: 53/60 MP: 16/29
  6879 | D        | Noticed a sea snake
  6893 | D        | Killed a sea snake
  6894 | D        | Reached skill level 1 in Shields
  6894 | D        | Reached skill level 10 in Invocations
  6969 | D        | Received a gift from Sif Muna
  6978 | D        | Got Sif Muna's Guidebook on Sparks and Sculpting {god gift}
  7277 | D        | Noticed an anaconda
  7283 | D        | Noticed a lindwurm
  7298 | D        | Received a gift from Sif Muna
  7299 | D        | Killed a lindwurm
  7301 | D        | Reached skill level 15 in Earth Magic
  7303 | D        | Got Sif Muna's Tome of the Ground and Forces {god gift}
  7310 | D        | Learned a level 5 spell: Lee's Rapid Deconstruction
  7338 | D        | Noticed a flayed ghost
  7345 | D        | Killed an anaconda
  7345 | D        | Reached ****** piety under Sif Muna
  7346 | D        | Reached skill level 5 in Armour
  7351 | D        | Slain by a flayed ghost

Illustrated notes

Levels and vault maps discovered:
D:        pitsprint [storerooms_1, entrance_room_1, metal_vault_8, armoury_1,
          mini_pit_1, grid_room_1, main_hall_1, silver_pit, the_coven_3,
          the_vestibule_1, steel_vault_2, golden_pit, hallway_of_sentries,
          crystal_vault_5, iron_vault_1, final_vault]

Skill      XL: |  1  2  3  4  5  6  7  8  9 10 11 |
---------------+----------------------------------+-----
Conjurations   | 4 5 6 8 11 12 14 | 14.9
Fighting       | 1 2 3 4 |  4.1
Short Blades   | 2 3 4 5 |  5.0
Armour         | 1 2 3 4 5 |  5.0
Dodging        | 3 4 5 |  5.0
Stealth        | 3 4 5 6 7 |  7.0
Spellcasting   | 4 5 6 8 10 11 12 13 | 13.0
Transmutations | 2 3 4 5 7 8 10 | 10.6
Earth Magic    | 5 6 7 9 11 12 14 15 | 15.2
Invocations    | 2 3 4 5 7 8 9 10 | 10.0
Fire Magic     | 3 5 7 8 |  8.2
Shields        | 2 |  2.5

Action                     |  1- 3 |  4- 6 |  7- 9 | 10-12 || total
---------------------------+-------+-------+-------+-------++-------
  Melee: Dagger            |       |     1 |    22 |    26 ||    49
         Punch             |       |       |     1 |     1 ||     2
   Cast: Sandblast         |     4 |       |       |       ||     4
         Stone Arrow       |       |    21 |    28 |    62 ||   111
         Petrify           |       |       |    26 |    26 ||    52
         Irradiate         |       |       |       |     2 ||     2
 Invoke: Channel Magic     |       |     1 |     3 |     5 ||     9
    Use: Potion            |       |       |     6 |     8 ||    14
         Scroll            |       |       |     1 |     1 ||     2
   Stab: Sleeping          |       |     1 |       |       ||     1
         Petrified         |       |       |    19 |    20 ||    39
         Petrifying        |       |       |       |     1 ||     1
 Armour: Robe              |       |       |    17 |    24 ||    41
  Dodge: Dodged            |       |     6 |    21 |    41 ||    68
